 Dungeon Crawl Stone Soup version 0.26-a0-651-gb41185065b (webtiles) character file.

Game seed: 14297410409434952185

62 Lanoc the Slasher (level 3, -6/29 HPs)
             Began as a Vampire Monk on Oct 21, 2020.
             Mangled by an ogre
             ... wielding a +0 giant club
              (14 damage)
             ... on level 4 of the Dungeon.
             The game lasted 00:01:43 (1345 turns).

Lanoc the Slasher (Vampire Monk)                    Turns: 1345, Time: 00:01:43

Health: -6/29      AC:  2    Str: 10    XL:     3   Next: 85%
Magic:  3/3        EV: 14    Int: 12    God:
Gold:   69         SH:  0    Dex: 17    Spells: 2/2 levels left

rFire    . . .     SeeInvis +   a - +0 falchion
rCold    . . .     Faith    .   (no shield)
rNeg     . . .     Spirit   .   b - +0 robe
rPois    .         Reflect  .   (no helmet)
rElec    .         Harm     .   (no cloak)
rCorr    .         Rampage  .   (no gloves)
MR       .....     Rnd*Tele +   (no boots)
Stlth    ++........             (no amulet)
HPRegen  0.29/turn              h - ring of teleportation (curse)
MPRegen  0.08/turn              (no ring)

@: regenerating quickly
A: fangs 3, see invisible, unbreathing
a: Exsanguinate


You were on level 4 of the Dungeon.
You visited 1 branch of the dungeon, and saw 4 of its levels.

You collected 69 gold pieces.

Inventory:

Hand Weapons
 a - a +0 falchion (weapon)
Armour
 b - a +0 robe (worn)
Jewellery
 h - a cursed ring of teleportation (left hand)
Scrolls
 c - 3 scrolls of teleportation {unknown}
 f - a scroll of fog {unknown}
 g - a scroll of fear {unknown}
 i - 2 scrolls of identify {unknown}
 j - 2 scrolls of remove curse {unknown}
 l - a scroll of magic mapping {unknown}
 n - a scroll of amnesia {unknown}
 p - a scroll of blinking {unknown}
Potions
 d - a potion of cancellation {unknown}
 e - a potion of curing {unknown}
 k - 2 potions of mutation {unknown}
 m - a potion of ambrosia {unknown}
 o - a potion of heal wounds {unknown}
 q - a potion of might {unknown}


   Skills:
 + Level 3.2 Fighting
 * Level 4.0 Long Blades
 + Level 3.9 Dodging
 - Level 3.0 Stealth


You had 2 spell levels left.
You didn't know any spells.
Your spell library was empty.

Dungeon Overview and Level Annotations

Branches:
Dungeon (4/15)
 Temple: D:4-7

Altars:
Sif Muna
Uskayaw
Vehumet


Innate Abilities, Weirdness & Mutations

Your natural rate of healing is unusually fast.
You have razor-sharp teeth.
You have supernaturally acute eyesight. (SInv)
You can survive without breathing.


Message History

The ogre misses you.
You hit the ogre.
The ogre is heavily wounded.
You hit the ogre but do no damage. Your bite misses the ogre.
The ogre is heavily wounded.
The ogre hits you with a +0 giant club!!
Ouch! That really hurt!
* * * LOW HITPOINT WARNING * * *
You barely miss the ogre.
The ogre is heavily wounded.
The ogre barely misses you.
You riposte.
You barely miss the ogre. You bite the ogre, but do no damage.
The ogre is heavily wounded.
You hit the ogre but do no damage.
The ogre is heavily wounded.
The ogre misses you.
You hit the ogre.
The ogre is heavily wounded.
The ogre hits you with a +0 giant club!
You die...

#.......#
#.......#
........#
........##
..$....$..#
..$.......#
........O.#
?.......@.#
..........#
.!........##
...........#
.......<..##
#.........#
#........##
#.......##
##....###


You could see an ogre.

Vanquished Creatures
  2 adders (D:2)
  2 worms
  A dart slug (D:3)
  A leopard gecko (D:2)
  6 bats
  A giant cockroach (D:3)
  4 goblins
  3 hobgoblins
  2 jackals (D:2)
  A quokka (D:3)
  5 frilled lizards
  4 kobolds (D:2)
  3 rats
35 creatures vanquished.

Notes
Turn   | Place    | Note
-------+----------+-------------------------------------------
     0 | D:1      | Lanoc the Vampire Monk began the quest for the Orb.
     0 | D:1      | Reached XP level 1. HP: 17/17 MP: 1/1
    96 | D:2      | Reached XP level 2. HP: 8/23 MP: 2/2
   284 | D:2      | Reached XP level 3. HP: 29/29 MP: 3/3
   327 | D:2      | Found a radiant altar of Vehumet.
   697 | D:3      | Found a hide-covered altar of Uskayaw.
   876 | D:3      | Found a shimmering blue altar of Sif Muna.
  1001 | D:3      | Reached skill level 4 in Long Blades
  1335 | D:4      | Noticed an ogre
  1345 | D:4      | Mangled by an ogre

Illustrated notes

Levels and vault maps discovered:
D:1:      mrwooster_arrival_statue_2, layout_loops_ring
D:2:      layout_basic, nicolae_overflow_crystal_walls, uniq_crazy_yiuf_cottage
D:3:      layout_loops_ring, lemuel_doored_altar, led_sif_book
D:4:      layout_cave_pods, corner_web_ring, uniq_pikel

Skill      XL: |  1  2  3 |
---------------+----------+-----
Fighting       | 3 |  3.2
Long Blades    | 4 |  4.0
Dodging        | |  3.9
Stealth        | |  3.0

Action                   || total
-------------------------++-------
Melee: Falchion          ||    90
       Bite              ||    12
 Stab: Sleeping          ||     4
Armor: Robe              ||    16
Dodge: Dodged            ||    71
       Rpst.: Falchion   ||    26

Table legend: (Time is in decaauts)
 A = Elapsed time spent in this place.
 B = Non-inter-level travel time spent in this place.
 C = Inter-level travel time spent in this place.
 D = Time resting spent in this place.
 E = Time spent auto-exploring this place.
 F = Levels seen in this place.
 G = Mean time per level.
                   A        B        C        D        E       F      G
               +--------+--------+--------+--------+--------+-----+--------+
         Total |   1354 |   1295 |     59 |      0 |   1029 |   4 |  338.5 |
       Dungeon |   1354 |   1295 |     59 |      0 |   1029 |   4 |  338.5 |
               +--------+--------+--------+--------+--------+-----+--------+

Top non-repeatable levels by time:
     D:3: 739 daAuts
     D:2: 584 daAuts
     D:1: 21 daAuts
     D:4: 10 daAuts
